 Dungeon Crawl Stone Soup version 0.29.1-15-g9cfb28693d (webtiles) character file.

Game seed: 5762169498963824947

2730 H0rd4k the Trooper (level 9, -2/66 HPs)
             Began as an Octopode Artificer on Mar 16, 2023.
             Was an Initiate of Gozag.
             Slain by a sky beast (6 damage)
             ... on level 7 of the Dungeon.
             The game lasted 00:11:24 (10376 turns).

H0rd4k the Trooper (Octopode Artificer)            Turns: 10376, Time: 00:11:25

Health: -2/66      AC:  2    Str: 11    XL:     9   Next: 67%
Magic:  19/19      EV: 13    Int: 18    God:    Gozag
Gold:   492        SH:  0    Dex: 12    Spells: 21/21 levels left

rFire   . . .      SeeInvis .     - Unarmed
rCold   . . .      Faith    +   (no shield)
rNeg    . . .      Spirit   .   k - +1 hat
rPois   +          Reflect  .   s - amulet of faith
rElec   .          Harm     .   o - ring of poison resistance
rCorr   .          Rampage  .   (no ring)
Will    .....                   (no ring)
Stlth   +++.......              (no ring)
HPRegen 0.21/turn               (no ring)
MPRegen 0.16/turn               (no ring)
                                (no ring)
                                (no ring)

@: no status effects
A: almost no armour, amphibious, 8 rings, camouflage 1, gelatinous body 1,
(nimble swimmer 1), tentacles
a: Renounce Religion, Potion Petition, Call Merchant, Bribe Branch


You were on level 7 of the Dungeon.
You worshipped Gozag.
Gozag was aware of your devotion.
You visited 1 branch of the dungeon, and saw 7 of its levels.

You collected 611 gold pieces.
You paid 119 gold pieces to Gozag.

Inventory:

Armour
 k - a +1 hat (worn)
 y - a +0 hat
Magical Staves
 i - a staff of earth
 C - a staff of cold
Jewellery
 o - a ring of poison resistance (left tentacle)
 s - an amulet of faith (around mantle)
Wands
 t - a wand of roots (8)
 x - a wand of digging (6)
Scrolls
 b - 2 scrolls of amnesia
 d - a scroll of magic mapping {unknown}
 f - a scroll of torment {unknown}
 h - 2 scrolls of enchant armour {unknown}
 n - 4 scrolls of identify {unknown}
 p - a scroll of teleportation {unknown}
 r - a scroll of noise {unknown}
 v - a scroll of fear {unknown}
 B - a scroll of blinking {unknown}
Potions
 a - a potion of flight
 c - a potion of resistance {unknown}
 e - 4 potions of degeneration
 g - a potion of might {unknown}
 l - 2 potions of brilliance
 q - a potion of lignification {unknown}
 u - 3 potions of haste {unknown}
 w - 3 potions of curing
 z - a potion of mutation {unknown}
 A - a potion of ambrosia {unknown}


   Skills:
 + Level 7.9 Fighting
 - Level 2.3 Dodging
 - Level 1.3 Stealth
 - Level 6.7 Unarmed Combat
 * Level 6.8 Spellcasting
 - Level 3.2 Evocations


You had 21 spell levels left.
You didn't know any spells.
Your spell library contained the following spells:

 Spells                   Type           Power      Damage    Failure   Level
 Apportation              Tloc           12%        N/A       11%         1
 Necrotise                Necr           24%        1d5       11%         1
 Summon Small Mammal      Summ           24%        N/A       11%         1
 Inner Flame              Hex/Fire       6%         N/A       32%         3
 Cause Fear               Hex            3%         N/A       73%         4
 Alistair's Intoxication  Tmut/Pois      4%         N/A       97%         5
 Discord                  Hex            3%         N/A       100%        8


Dungeon Overview and Level Annotations

Branches:
Dungeon (7/15)             Temple (0/1) D:7

Altars:
Dithmenos
Gozag
Nemelex Xobeh
Vehumet
Xom

Shops:
D:3 ?

Annotations:
D:1 1 transporter
D:5 Pikel
D:6 exclusion: ice beast
D:7 exclusion: sky beast


Innate Abilities, Weirdness & Mutations

You cannot wear most types of armour.
You are amphibious.
You can wear up to eight rings at the same time.
Your skin changes colour to match your surroundings (Stealth+).
Your rubbery body absorbs attacks. (AC +1, EV +1)
((You are camouflaged when in or above water. (Stealth+)))
You have tentacles for arms and can constrict up to eight enemies at once.


Message History

The sky beast is heavily wounded.
The sky beast hits you. The sky beast shocks you.
You closely miss the sky beast. Your squeeze misses the sky beast.
The sky beast is heavily wounded.
The sky beast hits you. The sky beast shocks you.
You barely miss the sky beast.
The sky beast is heavily wounded.
You tentacle-slap the sky beast.
The sky beast is heavily wounded.
The sky beast hits you. The sky beast shocks you.
You tentacle-slap the sky beast. Your squeeze misses the sky beast.
The sky beast is heavily wounded.
The sky beast flickers out of sight!
Deactivating autopickup; reactivate with Ctrl-A.
Something hits you. Something shocks you.
You miss something. Something hits you. Something shocks you.
You miss something. Something hits you. Something shocks you.
* * * LOW HITPOINT WARNING * * *
You miss something. Your squeeze misses something. Something hits you.
* * * LOW HITPOINT WARNING * * *
Something shocks you.
* * * LOW HITPOINT WARNING * * *
You feel much better. Something hits you. Something shocks you.
* * * LOW HITPOINT WARNING * * *
Something hits you.
* * * LOW HITPOINT WARNING * * *
Something shocks you.
* * * LOW HITPOINT WARNING * * *
Okay, then.
As you read the scroll labelled DOTIEFR LUGOJE, it crumbles to dust.
It is a scroll of amnesia.
You feel forgetful for a moment. Something hits you.
* * * LOW HITPOINT WARNING * * *
Something shocks you.
* * * LOW HITPOINT WARNING * * *
You feel better. Something hits you.
* * * LOW HITPOINT WARNING * * *
Something shocks you.
You die...
Your body crumbles into a pile of gold.

##.# #..# #.## #.# #.#
#.# ####### #####.####
###......
#........######...#####
#....{@........>###
#........########
#........# #........#
##########


There were no monsters in sight!

Vanquished Creatures
  The ghost of dvd2 the Poker, a novice MfDe of Okawaru (D:6)
  Grinder (D:6)
  Eustachio (D:5)
  An orc warrior (D:7)
  A sky beast (D:7)
  3 ice beasts (D:6)
  A necrophage (D:6)
  4 scorpions
  4 wights (D:7)
  3 electric eels (D:6)
  A crimson imp (D:3)
  6 hounds
  A jelly (D:5)
  2 orc wizards
  Robin (D:3)
  5 gnolls
  11 adders
  2 white imps
  2 ufetubi
  3 worms
  3 dart slugs
  13 orcs
  15 ball pythons
  8 endoplasms
  4 giant cockroaches
  13 goblins
  9 hobgoblins
  2 jackals (D:1)
  3 quokkas
  5 bats
  2 frilled lizards (D:1)
  8 kobolds
  4 rats
143 creatures vanquished.

Vanquished Creatures (collateral kills)
  A sky beast (D:7)
  An ogre (D:5)
  A necrophage (D:5)
  A crimson imp (D:3)
  A hound (D:5)
  6 orcs
11 creatures vanquished.

Vanquished Creatures (others)
  A jelly (D:4)
  An iguana (D:6)
  2 orc wizards
  A goblin (D:3)
  2 demonic plants (D:1)
  15 plants (D:6)
22 creatures vanquished.

Grand Total: 176 creatures vanquished

Notes
Turn   | Place    | Note
-------+----------+-------------------------------------------
     0 | D:1      | H0rd4k the Octopode Artificer began the quest for the Orb.
     0 | D:1      | Reached XP level 1. HP: 13/13 MP: 1/1
   332 | D:1      | Reached XP level 2. HP: 18/18 MP: 3/3
   335 | D:1      | Reached skill level 1 in Spellcasting
   361 | D:1      | Found a faded altar of an unknown god.
   658 | D:1      | Reached XP level 3. HP: 3/24 MP: 3/5
   872 | D:1      | Reached skill level 2 in Fighting
  1358 | D:1      | Reached skill level 1 in Unarmed Combat
  1906 | D:2      | Reached XP level 4. HP: 30/30 MP: 6/6
  3296 | D:3      | Found Zinyter's Magic Scroll Shoppe.
  3547 | D:3      | Found a radiant altar of Vehumet.
  3554 | D:3      | Noticed Robin
  3577 | D:3      | Reached XP level 5. HP: 12/35 MP: 8/8
  3592 | D:3      | Killed Robin
  4256 | D:3      | Found a shimmering altar of Xom.
  4286 | D:3      | Reached skill level 3 in Fighting
  4591 | D:4      | Reached XP level 6. HP: 24/42 MP: 10/10
  5546 | D:5      | Entered Level 5 of the Dungeon
  5816 | D:5      | Noticed Eustachio
  5821 | D:5      | Killed Eustachio
  5822 | D:5      | Reached XP level 7. HP: 46/46 MP: 11/11
  5988 | D:5      | Noticed Pikel
  6050 | D:5      | Reached skill level 5 in Unarmed Combat
  6189 | D:5      | Reached skill level 4 in Fighting
  7249 | D:6      | Reached XP level 8. HP: 43/54 MP: 13/13
  7540 | D:6      | Reached skill level 5 in Fighting
  7839 | D:6      | Noticed Grinder
  7848 | D:6      | Found an opulent altar of Gozag.
  7849 | D:6      | Found a runed translucent gate.
  7849 | D:6      | Found a runed translucent gate.
  7849 | D:6      | Found a runed translucent gate.
  7850 | D:6      | Noticed dvd2's ghost (novice MfDe)
  7850 | D:6      | Noticed a two-headed ogre
  7852 | D:6      | Paralysed by Grinder for 5 turns
  7938 | D:6      | Killed dvd2's ghost
  7939 | D:6      | Reached skill level 6 in Fighting
  7939 | D:6      | Reached skill level 5 in Spellcasting
  7939 | D:6      | Reached XP level 9. HP: 36/62 MP: 14/17
  8312 | D:6      | Killed Grinder
  8337 | D:6      | Became a worshipper of Gozag Ym Sagoz the Greedy
  8754 | D:6      | Reached skill level 7 in Fighting
 10154 | D:7      | Found a shadowy altar of Dithmenos.
 10289 | D:7      | Found a sparkling altar of Nemelex Xobeh.
 10319 | D:7      | Found a staircase to the Ecumenical Temple.
 10375 | D:7      | HP: 2/66 [something (5)]
 10376 | D:7      | Slain by a sky beast

Illustrated notes

Levels and vault maps discovered:
D:1:      spicycebolla_arrival_risky_transporter, layout_loops_ring,
          shapermc_ecumenical_altar_gd, eino_curves_03, minivault_26,
          nrook_campfire
D:2:      layout_basic, kennysheep_doodads
D:3:      minmay_evil_eye, layout_basic, led_xom_imps, vehumet_crystals,
          serial_shops, nicolae_shop_stone, minmay_misc_feat_columns,
          nrook_uturn, uniq_robin
D:4:      layout_loops_ring
D:5:      layout_basic, uniq_pikel, uniq_eustachio
D:6:      layout_layer_cave, serial_bayou, serial_bayou_pond_a,
          serial_bayou_pond_a, serial_bayou_pond_a, serial_bayou_pond_c,
          serial_bayou_lake_a, serial_bayou_pond_e, ebering_ghost_gozag,
          uniq_grinder
D:7:      layout_rooms, kennysheep_little_box,
          mainiacjoe_overflow_small_starburst

Skill      XL: |  1  2  3  4  5  6  7  8  9 |
---------------+----------------------------+-----
Spellcasting   | 1 2 3 5 6 |  6.8
Fighting       | 2 3 4 6 7 |  7.9
Unarmed Combat | 1 2 3 4 6 |  6.7
Dodging        | |  2.3
Stealth        | |  1.3
Evocations     | |  3.2

Action                   |  1- 3 |  4- 6 |  7- 9 || total
-------------------------+-------+-------+-------++-------
Melee: Unarmed           |    77 |   161 |   169 ||   407
       Tentacles         |    22 |    39 |    52 ||   113
       Constrict         |    25 |    37 |    37 ||    99
       Punch             |       |     7 |     9 ||    16
Evoke: Wand              |       |    17 |    22 ||    39
  Use: Potion            |       |       |     7 ||     7
       Scroll            |       |       |     3 ||     3
 Stab: Sleeping          |    14 |    10 |     4 ||    28
       Distracted        |       |     1 |       ||     1
Armor: Skin              |     3 |    16 |    24 ||    43
Dodge: Dodged            |    43 |    73 |    95 ||   211
